 Dungeon Crawl Stone Soup version 0.19.5 (webtiles) character file.

2822 lordofallpotatos the Cleaver (level 9, 0/77 (79) HPs)
             Began as a Hill Orc Fighter on Apr 12, 2017.
             Was a Follower of Beogh.
             Succumbed to a hornet's poison
             ... on level 9 of the Dungeon.
             The game lasted 00:34:28 (4307 turns).

lordofallpotatos the Cleaver (Hill Orc Fighter)     Turns: 4307, Time: 00:34:29

HP:   0/77 (79)     AC: 15    Str: 20    XL:     9   Next: 73%
MP:   9/9           EV:  7    Int: 12    God:    Beogh [*.....]
Gold: 305           SH:  0    Dex: 10    Spells: 0 memorised, 8 levels left

rFire  . . .     SeeInvis .     u - +5 battleaxe
rCold  . . .     Gourm    .     g - +0 plate armour
rNeg   . . .     Faith    .     (shield currently unavailable)
rPois  .         Spirit   .     (no helmet)
rElec  .         Reflect  .     (no cloak)
rCorr  .         Harm     .     i - +1 pair of gloves of Failure {MR+++ Str-2 Int+4 Stlth+}
MR     ++++.                    (no boots)
Stlth  ..........               (no amulet)
                                b - +2 ring of slaying
                                n - ring of protection from magic

@: lethally poisoned (0 -> -4), drained
A: no striking features
a: Renounce Religion


You were on level 9 of the Dungeon.
You worshipped Beogh.
Beogh was aware of your devotion.
You were very full.

You visited 1 branch of the dungeon, and saw 9 of its levels.

You collected 305 gold pieces.

Inventory:

Hand Weapons
 s - the +7 lajatang of Order {silver, rMut}
   (You found it on level 5 of the Dungeon)

   It protects you from mutation.
 u - a +5 battleaxe (weapon)
Armour
 c - a +0 shield
 g - a +0 plate armour (worn)
 i - the +1 pair of gloves of Failure (worn) {MR+++ Str-2 Int+4 Stlth+}
   (You found it on level 6 of the Dungeon)

   It affects your strength (-2).
   It affects your intelligence (+4).
   It affects your resistance to hostile enchantments.
   It makes you more stealthy.
Jewellery
 b - a +2 ring of slaying (right hand)
 n - a ring of protection from magic (left hand)
Wands
 j - a wand of iceblast (4/15)
 t - a wand of teleportation (5/9)
Scrolls
 d - a scroll of magic mapping {unknown}
 e - a scroll of amnesia {unknown}
 f - 2 scrolls of fog {unknown}
 h - a scroll of enchant weapon {unknown}
 l - a scroll of random uselessness {unknown}
 m - 2 scrolls of remove curse {unknown}
 o - a scroll of noise {unknown}
 p - 2 scrolls of enchant armour {unknown}
 q - 2 scrolls of identify {unknown}
 r - 3 scrolls of teleportation {unknown}
Comestibles
 k - a slice of pizza


   Skills:
 + Level 7.0(6.7) Fighting
 + Level 10.5(10.2) Axes
 * Level 6.6(6.3) Armour
 - Level 2.3(2.0) Dodging
 - Level 0.5(0.2) Stealth
 * Level 8.1(7.8) Shields


You had 8 spell levels left.
You didn't know any spells.

Dungeon Overview and Level Annotations

Branches:
Dungeon (9/15)
 Temple: D:4-7         Lair: D:8-11         Orc: D:9-12

Altars:
Fedhas

Shops:
D:6 *


Message History

You slash something!
The hornet stings you but does no damage.
A sky beast appears from thin air!
Reactivating autopickup.
The sky beast hits you but does no damage.
The wyvern skeleton bites you.
* * * LOW HITPOINT WARNING * * *
The hornet stings you but does no damage. x2
You hit the hornet but do no damage. You slash the sky beast!
You kill the sky beast!
Beogh accepts your kill.
The hornet stings you but does no damage.
The hornet stings you!
* * * LOW HITPOINT WARNING * * *
You are lethally poisoned!
You feel yourself slow down. The wyvern skeleton bites you.
* * * LOW HITPOINT WARNING * * *
You aren't carrying any potions.
You feel yourself speed up.
You die...

.. ...
...#######
.........#
.........#
.......@.#
.........#
.......yZ#
[(.....<.#
...>.....#
.......!.#
##.......#
#.#######
#.


You could see a hornet and a wyvern skeleton.

Vanquished Creatures
  Pikel (D:6)
  Grinder (D:6)
  Prince Ribbit (D:6)
  Eustachio (D:6)
  An orc warrior (D:6)
  A sky beast (D:9)
  2 ice beasts
  A necrophage (D:7)
  2 ogres
  2 centaurs
  A bullfrog (D:6)
  A scorpion (D:4)
  9 wights
  A jelly (D:7)
  2 crimson imps (D:5)
  4 hounds
  2 orc priests (D:8)
  The ghost of Refraint the Conjurer, a weakling FeCj of Yredelemnul (D:4)
  A centaur skeleton (D:4)
  Jessica (D:2)
  2 iguanas
  3 worker ants
  A hound skeleton (D:4)
  3 gnolls (D:5)
  3 adders
  3 worms
  2 leopard geckos (D:5)
  10 orcs
  3 giant cockroaches
  2 goblins
  3 hobgoblins
  19 jackals
  A ball python skeleton (D:4)
  4 bats
  2 frilled lizards
  3 kobolds
  A leopard gecko skeleton (D:5)
  4 rats
105 creatures vanquished.

Vanquished Creatures (others)
  A sky beast (D:6)
  3 slaves (D:6)
  A howler monkey (D:6)
  A jelly (D:6)
  A giant cockroach (D:4)
7 creatures vanquished.

Grand Total: 112 creatures vanquished

Notes
Turn   | Place    | Note
-------+----------+-------------------------------------------
     0 | D:1      | lordofallpotatos the Hill Orc Fighter began the quest for the Orb.
     0 | D:1      | Reached XP level 1. HP: 19/19 MP: 1/1
   420 | D:1      | Reached XP level 2. HP: 27/27 MP: 2/2
   595 | D:2      | Noticed Jessica
   599 | D:2      | Killed Jessica
   599 | D:2      | Reached skill level 3 in Axes
   599 | D:2      | Reached XP level 3. HP: 33/33 MP: 3/3
   881 | D:3      | Reached XP level 4. HP: 35/40 MP: 4/4
  1249 | D:4      | Noticed a centaur
  1262 | D:4      | Killed a centaur
  1262 | D:4      | Reached skill level 4 in Axes
  1262 | D:4      | Reached skill level 1 in Dodging
  1262 | D:4      | Reached XP level 5. HP: 23/47 MP: 5/5
  1323 | D:4      | Noticed Refraint's ghost (weakling FeCj)
  1340 | D:4      | Killed Refraint's ghost
  1799 | D:4      | Reached XP level 6. HP: 44/53 MP: 6/6
  1839 | D:4      | Became a worshipper of Beogh the Brigand
  1877 | D:4      | Reached skill level 5 in Shields
  1931 | D:4      | Reached skill level 5 in Axes
  2002 | D:4      | Reached skill level 5 in Fighting
  2036 | D:5      | Entered Level 5 of the Dungeon
  2039 | D:5      | Noticed an ice beast
  2047 | D:5      | Reached XP level 7. HP: 56/61 MP: 7/7
  2052 | D:5      | Reached skill level 6 in Axes
  2414 | D:5      | Reached skill level 7 in Axes
  2517 | D:5      | Found a blossoming altar of Fedhas.
  2595 | D:5      | Reached XP level 8. HP: 66/69 MP: 8/8
  2678 | D:5      | Reached * piety under Beogh
  2800 | D:6      | Noticed Grinder
  2818 | D:6      | Killed Grinder
  2818 | D:6      | Reached skill level 8 in Axes
  2829 | D:6      | Noticed Eustachio
  2895 | D:6      | Killed Eustachio
  3207 | D:6      | Noticed Pikel
  3230 | D:6      | Killed Pikel
  3230 | D:6      | Reached skill level 9 in Axes
  3230 | D:6      | Reached skill level 5 in Armour
  3230 | D:6      | Reached XP level 9. HP: 63/78 MP: 9/9
  3353 | D:6      | Noticed Prince Ribbit
  3373 | D:6      | Killed Prince Ribbit
  3373 | D:6      | Reached skill level 10 in Axes
  3404 | D:6      | Found Koq Quan's General Store.
  3433 | D:6      | Got a pair of warped gloves
  3439 | D:6      | Identified the +1 pair of gloves of Failure {MR+++ Str-2 Int+4 Stlth+} (You found it on level 6 of the Dungeon)
  4239 | D:8      | Noticed a two-headed ogre
  4300 | D:9      | Noticed a hornet
  4306 | D:9      | HP: 1/77 [wyvern skeleton (3)]
  4307 | D:9      | Succumbed to a hornet's poison

Skill      XL: |  1  2  3  4  5  6  7  8  9 |
---------------+----------------------------+-----
Axes           | 3 4 5 7 9 10 | 10.5
Shields        | 4 5 7 8 |  8.1
Fighting       | 4 5 6 7 |  7.0
Dodging        | 1 2 |  2.3
Armour         | 4 5 6 |  6.6
Stealth        | |  0.5

Action                   |  1- 3 |  4- 6 |  7- 9 || total
-------------------------+-------+-------+-------++-------
Melee: War axe           |    60 |   103 |   211 ||   374
       Battleaxe         |       |       |    20 ||    20
Invok: Convert to Beogh  |       |     1 |       ||     1
  Use: Potion            |     2 |     3 |     2 ||     7
  Eat: Bread ration      |       |     1 |     1 ||     2
       Fruit             |       |       |     3 ||     3
       Pizza             |       |       |     1 ||     1
       Meat ration       |       |       |     1 ||     1
Armor: Scale mail        |    27 |       |       ||    27
       Steam dragon scal |     8 |    43 |    36 ||    87
       Plate armour      |       |       |    75 ||    75
Dodge: Dodged            |    25 |    52 |   115 ||   192
Block: Shield            |    56 |    90 |   127 ||   273
